 Dungeon Crawl Stone Soup version 0.26-a0-835-g8259106e14 (webtiles) character file.

Game seed: 1150460959251098502

181 robertstho the Ruffian (level 5, 0/53 HPs)
             Began as a Troll Delver on Nov 17, 2020.
             Slain by a centaur skeleton (8 damage)
             ... on level 5 of the Dungeon.
             The game lasted 00:00:55 (314 turns).

robertstho the Ruffian (Troll Delver)                Turns: 314, Time: 00:00:56

Health: 0/53       AC:  6    Str: 21    XL:     5   Next: 34%
Magic:  4/4        EV: 10    Int:  6    God:
Gold:   22         SH:  0    Dex: 11    Spells: 4/4 levels left

rFire    . . .     SeeInvis .     - Unarmed
rCold    . . .     Faith    .   (no shield)
rNeg     . . .     Spirit   .   a - +0 robe
rPois    .         Reflect  .   (helmet restricted)
rElec    .         Harm     .   (no cloak)
rCorr    .         Rampage  .   (gloves unavailable)
MR       .....                  (boots unavailable)
Stlth    ++........             (no amulet)
HPRegen  0.57/turn              (no ring)
MPRegen  0.09/turn              (no ring)

@: lethally poisoned (0 -> -2)
A: large, unfitting armour, claws 3, regeneration 1, shaggy fur 1, tough skin 3
a: no special abilities


You were on level 5 of the Dungeon.
You visited 1 branch of the dungeon, and saw 1 of its levels.

You collected 22 gold pieces.

Inventory:

Armour
 a - a +0 robe (worn)
Jewellery
 g - an uncursed ring of flight {unknown}
Wands
 f - a wand of digging (3)
Scrolls
 b - a scroll of fog
 c - 2 scrolls of magic mapping
 d - a scroll of fear
Potions
 e - a potion of haste


   Skills:
 * Level 3.0 Fighting
 + Level 2.2 Dodging
 + Level 3.4 Stealth
 * Level 3.6 Unarmed Combat


You had 4 spell levels left.
You didn't know any spells.
Your spell library was empty.

Dungeon Overview and Level Annotations

Branches:
Dungeon (5/15)
 Temple: D:4-7

Altars:
Nemelex Xobeh


Innate Abilities, Weirdness & Mutations

You are too large for most types of armour.
You have claws for hands.
Your natural rate of healing is unusually fast.
You are covered in fur. (AC +1)
You have extremely tough skin. (AC +3)


Message History

The centaur skeleton hits you but does no damage.
You miss the adder.
You feel sick. The adder barely misses you.
The centaur skeleton hits you but does no damage.
You scratch the adder.
The adder is lightly wounded.
You feel sick. The adder barely misses you. The centaur skeleton hits you.
* * * LOW HITPOINT WARNING * * *
The adder bites you but does no damage. The centaur skeleton hits you.
* * * LOW HITPOINT WARNING * * *
You scratch the adder.
The adder is severely wounded.
You feel sick. The adder bites you but does no damage.
The centaur skeleton hits you but does no damage.
You scratch the adder.
You kill the adder!
You feel sick. The centaur skeleton barely misses you.
You scratch the centaur skeleton.
The centaur skeleton is moderately damaged.
The centaur skeleton hits you!
You die...

............
....†.......... .##..#
................. ..[...
................ ......
...............###......
#.............#.......#
#.....................##
#.......#........†.#....
#...............@.......
..............#.Z†......
..##.#.........#......<.
.###.#.#####....).......
.##..#.# #..........[.
..#.##.##...............
#.#.#.....#........$....
#...........##..........
#...#.####### ....##.


You could see a centaur skeleton.

Vanquished Creatures
  An orc priest (D:5)
  An iguana (D:5)
  2 worker ants (D:5)
  A worker ant zombie (D:5)
  4 adders (D:5)
  2 adder skeletons (D:5)
  A leopard gecko (D:5)
  7 orcs (D:5)
  A giant cockroach (D:5)
  4 jackals (D:5)
  A leopard gecko zombie (D:5)
25 creatures vanquished.

Notes
Turn   | Place    | Note
-------+----------+-------------------------------------------
     0 | D:5      | robertstho the Troll Delver began the quest for the Orb.
     0 | D:5      | Reached XP level 1. HP: 22/22 MP: 0/0
    14 | D:5      | Reached XP level 2. HP: 29/29 MP: 1/1
    38 | D:5      | Reached XP level 3. HP: 30/36 MP: 2/2
    73 | D:5      | Reached XP level 4. HP: 14/44 MP: 3/3
   177 | D:5      | Found a sparkling altar of Nemelex Xobeh.
   224 | D:5      | Reached XP level 5. HP: 38/52 MP: 4/4
   314 | D:5      | Slain by a centaur skeleton

Illustrated notes

Levels and vault maps discovered:
D:5:      layout_rooms, lemuel_round_altar

Skill      XL: |  1  2  3  4  5 |
---------------+----------------+-----
Stealth        | 3 |  3.4
Unarmed Combat | 3 |  3.6
Dodging        | 2 |  2.2
Fighting       | 3 |  3.0

Action                   |  1- 3 |  4- 6 || total
-------------------------+-------+-------++-------
Melee: Unarmed           |    49 |    47 ||    96
       Punch             |     2 |       ||     2
 Stab: Sleeping          |     1 |       ||     1
Armor: Robe              |    37 |    25 ||    62
Dodge: Dodged            |    69 |    26 ||    95

Table legend: (Time is in decaauts)
 A = Elapsed time spent in this place.
 B = Non-inter-level travel time spent in this place.
 C = Inter-level travel time spent in this place.
 D = Time resting spent in this place.
 E = Time spent auto-exploring this place.
 F = Levels seen in this place.
 G = Mean time per level.
                   A        B        C        D        E       F      G
               +--------+--------+--------+--------+--------+-----+--------+
         Total |    310 |    310 |      0 |      0 |    165 |   1 |  310.0 |
       Dungeon |    310 |    310 |      0 |      0 |    165 |   1 |  310.0 |
               +--------+--------+--------+--------+--------+-----+--------+

Top non-repeatable levels by time:
     D:5: 310 daAuts
